TOP OF THE 1ST |
Memphis Redbirds batting - Pitching for Florida Men : LHP Jorge Oyas
|
Pitching: LHP Jorge Oyas
|
|
Batting: RHB Dean Shamakani
|
0-0: Ball 1-0: Ball 2-0: Called Strike 2-1: Ground out 5-3 (Groundball, 56S, EV 86.9 MPH)
|
Batting: RHB Gonzalo Quintanilla
|
0-0: Swinging Strike 0-1: Called Strike 0-2: SINGLE (Groundball, 6MD, EV 101.2 MPH)
|
Batting: RHB Ricardo Ojíto
|
0-0: Foul Ball, location: 2F 0-1: Ball 1-1: Foul Ball, location: 2F 1-2: Strikes out swinging
|
Batting: RHB Joël Pesci
|
0-0: Ball 1-0: Swinging Strike 1-1: SINGLE (Groundball, 56, EV 100.0 MPH) (infield hit) Gonzalo Quintanilla to second
|
Batting: RHB Fraser Childs
|
0-0: Called Strike 0-1: Foul Ball, location: 2F 0-2: Ball 1-2: Fly out, F7 (Line Drive, 7, EV 90.6 MPH)
|
Top of the 1st over - 0 runs, 2 hits, 0 errors, 2 left on base; Memphis 0 - Florida 0 |
BOTTOM OF THE 1ST |
Florida Men batting - Pitching for Memphis Redbirds : RHP Alan Mason
|
Pitching: RHP Alan Mason
|
|
Batting: RHB Matsudaira Sugahara
|
0-0: Foul Ball, location: 2F 0-1: Ball 1-1: Swinging Strike 1-2: Foul Ball, location: 2F 1-2: Strikes out looking
|
Batting: RHB Marcos Janero
|
0-0: Swinging Strike 0-1: Ball 1-1: Ground out 6-3 (Groundball, 6, EV 100.6 MPH)
|
Batting: LHB Edward Kisiner
|
0-0: Ball 1-0: Ball 2-0: SOLO HOME RUN (Line Drive, 9D, EV 103.8 MPH), Distance : 361 ft
|
Batting: RHB Walke Mehoff
|
0-0: SINGLE (Line Drive, 78S, EV 105.0 MPH)
|
Batting: RHB César Guerra
|
0-0: Foul Ball, location: 2F 0-1: Called Strike 0-2: Foul Ball, location: 2F 0-2: Strikes out looking
|
Bottom of the 1st over - 1 run, 2 hits, 0 errors, 1 left on base; Memphis 0 - Florida 1 |
TOP OF THE 2ND |
Memphis Redbirds batting - Pitching for Florida Men : LHP Jorge Oyas
|
Batting: RHB Steve Marwat
|
0-0: Ball 1-0: Called Strike 1-1: DOUBLE (Flyball, 8LXD, EV 102.5 MPH)
|
Batting: RHB Lorenzo Lobo
|
0-0: Ball 1-0: Foul Ball, location: 2F 1-1: Ball 2-1: Foul Ball, location: 2F 2-2: Strikes out swinging
|
Batting: RHB Chris Carson
|
0-0: Ball 1-0: Called Strike 1-1: Ball Wild Pitch! Steve Marwat to third 2-1: Fly out, F9 (Flyball, 9, EV 81.9 MPH)
|
Batting: RHB Martin Clayton
|
0-0: Ball 1-0: Ball 2-0: Called Strike 2-1: Called Strike 2-2: Strikes out looking
|
Top of the 2nd over - 0 runs, 1 hit, 0 errors, 1 left on base; Memphis 0 - Florida 1 |
BOTTOM OF THE 2ND |
Florida Men batting - Pitching for Memphis Redbirds : RHP Alan Mason
|
Batting: LHB Basava Puri
|
0-0: Called Strike 0-1: Ground out 4-3 (Groundball, 4S, EV 81.2 MPH)
|
Batting: RHB Pellervo Rintanen
|
0-0: Ball 1-0: Fly out, F7 (Flyball, 7LDF, EV 92.5 MPH)
|
Batting: RHB Tristan Powell
|
0-0: Ball 1-0: Ball 2-0: Called Strike 2-1: Foul Ball, location: 2F 2-2: Strikes out swinging
|
Bottom of the 2nd over - 0 runs, 0 hits, 0 errors, 0 left on base; Memphis 0 - Florida 1 |
TOP OF THE 3RD |
Memphis Redbirds batting - Pitching for Florida Men : LHP Jorge Oyas
|
Batting: RHB Dean Shamakani
|
0-0: Ball 1-0: Called Strike 1-1: Ground out 6-3 (Groundball, 6, EV 101.9 MPH)
|
Batting: RHB Gonzalo Quintanilla
|
0-0: Fly out, F7 (Flyball, 7S, EV 86.9 MPH)
|
Batting: RHB Ricardo Ojíto
|
0-0: Called Strike 0-1: Ball 1-1: Foul Ball, location: 2F 1-2: Ball 2-2: Ball 3-2: Fly out, F9 (Flyball, 9S, EV 83.1 MPH)
|
Top of the 3rd over - 0 runs, 0 hits, 0 errors, 0 left on base; Memphis 0 - Florida 1 |
BOTTOM OF THE 3RD |
Florida Men batting - Pitching for Memphis Redbirds : RHP Alan Mason
|
Batting: LHB Peter Metellus
|
0-0: Foul Ball, location: 2F 0-1: Foul Ball, location: 2F 0-2: Reached on error, E5 (Groundball, 5, EV 86.2 MPH)
|
Batting: RHB Matsudaira Sugahara
|
0-0: Called Strike 0-1: Ball 1-1: Foul Ball, location: 2F 1-2: Ball 2-2: Fly out, F6 (Popup, 6D, EV 50.6 MPH)
|
Batting: RHB Marcos Janero
|
0-0: Ball 1-0: Ball 2-0: Called Strike 2-1: Fly out, F7 (Line Drive, 7, EV 96.9 MPH)
|
Batting: LHB Edward Kisiner
|
0-0: Swinging Strike 0-1: 2-RUN HOME RUN (Flyball, 9LD, EV 102.5 MPH), Distance : 346 ft
|
Batting: RHB Walke Mehoff
|
0-0: Called Strike 0-1: Ball 1-1: Ground out 6-3 (Groundball, 56, EV 90.0 MPH)
|
Bottom of the 3rd over - 2 runs, 1 hit, 1 error, 0 left on base; Memphis 0 - Florida 3 |
TOP OF THE 4TH |
Memphis Redbirds batting - Pitching for Florida Men : LHP Jorge Oyas
|
Batting: RHB Joël Pesci
|
0-0: Called Strike 0-1: Ball 1-1: SINGLE (Groundball, 56D, EV 96.2 MPH)
|
Batting: RHB Fraser Childs
|
0-0: Ball 1-0: Called Strike 1-1: DOUBLE (Line Drive, 7LS, EV 106.2 MPH) Joël Pesci to third
|
Batting: RHB Steve Marwat
|
0-0: Ball 1-0: TRIPLE (Flyball, 9D, EV 106.9 MPH) Joël Pesci scores Fraser Childs scores
|
Batting: RHB Lorenzo Lobo
|
0-0: Called Strike 0-1: Swinging Strike 0-2: Fly out, F8 (Flyball, 78D, EV 101.2 MPH) Runner from 3rd tags up, SCORES, throw by CF
|
Batting: RHB Chris Carson
|
0-0: Fly out, F8 (Flyball, 8LD, EV 94.4 MPH)
|
Batting: RHB Martin Clayton
|
0-0: Called Strike 0-1: Fly out, F7 (Flyball, 7, EV 96.2 MPH)
|
Top of the 4th over - 3 runs, 3 hits, 0 errors, 0 left on base; Memphis 3 - Florida 3 |
BOTTOM OF THE 4TH |
Florida Men batting - Pitching for Memphis Redbirds : RHP Alan Mason
|
Batting: RHB César Guerra
|
0-0: Ball 1-0: Ball 2-0: Ball 3-0: Base on Balls
|
Batting: LHB Basava Puri
|
0-0: Called Strike 0-1: Swinging Strike 0-2: Ball 1-2: Ball 2-2: Strikes out looking
|
Batting: RHB Pellervo Rintanen
|
0-0: Fly out, F8 (Flyball, 8LM, EV 81.2 MPH)
|
Batting: RHB Tristan Powell
|
0-0: Ball 1-0: Ball 2-0: Ball 3-0: Base on Balls César Guerra to second
|
Batting: LHB Peter Metellus
|
0-0: Foul Ball, location: 2F 0-1: Ground out 1-3 (Groundball, 34S, EV 90.0 MPH)
|
Bottom of the 4th over - 0 runs, 0 hits, 0 errors, 2 left on base; Memphis 3 - Florida 3 |
TOP OF THE 5TH |
Memphis Redbirds batting - Pitching for Florida Men : LHP Jorge Oyas
|
Batting: RHB Dean Shamakani
|
0-0: Fly out, F8 (Flyball, 8LD, EV 92.5 MPH)
|
Batting: RHB Gonzalo Quintanilla
|
0-0: Ball 1-0: Called Strike 1-1: Swinging Strike 1-2: Ball 2-2: Foul Ball, location: 2F 2-2: Foul Ball, location: 2F 2-2: Ball 3-2: Base on Balls
|
Batting: RHB Ricardo Ojíto
|
0-0: Swinging Strike 0-1: Ball 1-1: Ball 2-1: Fly out, F8 (Flyball, 8RD, EV 99.4 MPH)
|
Batting: RHB Joël Pesci
|
0-0: Foul Ball, location: 2F 0-1: Swinging Strike 0-2: Foul Ball, location: 2F 0-2: Ball 1-2: Ball 2-2: Ball 3-2: Foul Ball, location: 2F 3-2: Fly out, F4 (Popup, 4M, EV 55.0 MPH)
|
Top of the 5th over - 0 runs, 0 hits, 0 errors, 1 left on base; Memphis 3 - Florida 3 |
BOTTOM OF THE 5TH |
Florida Men batting - Pitching for Memphis Redbirds : RHP Alan Mason
|
Batting: RHB Matsudaira Sugahara
|
0-0: Swinging Strike 0-1: Called Strike 0-2: Foul Ball, location: 2F 0-2: Strikes out looking
|
Batting: RHB Marcos Janero
|
0-0: Called Strike 0-1: Fly out, F8 (Flyball, 8LD, EV 96.2 MPH)
|
Batting: LHB Edward Kisiner
|
0-0: Ball 1-0: Ball 2-0: Fly out, F9 (Flyball, 9S, EV 75.6 MPH)
|
Bottom of the 5th over - 0 runs, 0 hits, 0 errors, 0 left on base; Memphis 3 - Florida 3 |
TOP OF THE 6TH |
Memphis Redbirds batting - Pitching for Florida Men : LHP Jorge Oyas
|
Batting: RHB Fraser Childs
|
0-0: Ball 1-0: Ball 2-0: Ball 3-0: Called Strike 3-1: Base on Balls
|
Batting: RHB Steve Marwat
|
0-0: Ball 1-0: Foul Ball, location: 2F 1-1: Ball Wild Pitch! Fraser Childs to second 2-1: Ball 3-1: Called Strike 3-2: Ground out 4-3 (Groundball, 4, EV 89.4 MPH) Fraser Childs to third
|
Batting: RHB Lorenzo Lobo
|
0-0: Intentional Walk
|
Batting: RHB Chris Carson
|
0-0: Called Strike 0-1: Called Strike 0-2: Ball 1-2: Strikes out swinging
|
Batting: RHB Martin Clayton
|
0-0: Swinging Strike 0-1: Foul Ball, location: 2F 0-2: Ball 1-2: Strikes out swinging
|
Top of the 6th over - 0 runs, 0 hits, 0 errors, 2 left on base; Memphis 3 - Florida 3 |
BOTTOM OF THE 6TH |
Florida Men batting - Pitching for Memphis Redbirds : RHP Alan Mason
|
Batting: RHB Walke Mehoff
|
0-0: Ball 1-0: Ground out 6-3 (Groundball, 6, EV 96.9 MPH)
|
Batting: RHB César Guerra
|
0-0: Foul Ball, location: 2F 0-1: Ball 1-1: Ground out U3 (Groundball, 34, EV 89.4 MPH)
|
Batting: LHB Basava Puri
|
0-0: Ball 1-0: Ball 2-0: Ball 3-0: Called Strike 3-1: Base on Balls
|
Pitching: RHP Ainanani Iosepa
|
|
Batting: RHB Pellervo Rintanen
|
0-0: Ball Basava Puri steals 2nd base 1-0: Foul Ball, location: 2F 1-1: Called Strike 1-2: Strikes out swinging
|
Bottom of the 6th over - 0 runs, 0 hits, 0 errors, 1 left on base; Memphis 3 - Florida 3 |
TOP OF THE 7TH |
Memphis Redbirds batting - Pitching for Florida Men : LHP Jorge Oyas
|
Batting: RHB Dean Shamakani
|
0-0: Foul Ball, location: 2F 0-1: Called Strike 0-2: Strikes out swinging
|
Pitching: RHP Esteban De La Cruz
|
|
Batting: RHB Gonzalo Quintanilla
|
0-0: Called Strike 0-1: Ground out 4-3 (Groundball, 4S, EV 83.8 MPH)
|
Batting: RHB Ricardo Ojíto
|
0-0: Ground out 5-3 (Groundball, 56, EV 108.1 MPH)
|
Top of the 7th over - 0 runs, 0 hits, 0 errors, 0 left on base; Memphis 3 - Florida 3 |
BOTTOM OF THE 7TH |
Florida Men batting - Pitching for Memphis Redbirds : RHP Ainanani Iosepa
|
Batting: RHB Tristan Powell
|
0-0: Fly out, F8 (Flyball, 8LS, EV 85.0 MPH)
|
Batting: LHB Peter Metellus
|
0-0: Called Strike 0-1: Fly out, F8 (Flyball, 8RD, EV 108.1 MPH)
|
Batting: RHB Matsudaira Sugahara
|
0-0: Called Strike 0-1: Ball 1-1: Called Strike 1-2: Foul Ball, location: 2F 1-2: Ball 2-2: Strikes out swinging
|
Bottom of the 7th over - 0 runs, 0 hits, 0 errors, 0 left on base; Memphis 3 - Florida 3 |
TOP OF THE 8TH |
Memphis Redbirds batting - Pitching for Florida Men : RHP Esteban De La Cruz
|
Batting: RHB Joël Pesci
|
0-0: Called Strike 0-1: Foul Ball, location: 2F 0-2: Ball 1-2: Ball 2-2: Ball 3-2: SINGLE (Groundball, 5D, EV 105.6 MPH)
|
Batting: RHB Fraser Childs
|
0-0: Ball 1-0: Swinging Strike 1-1: Fly out, F9 (Flyball, 89XD, EV 106.2 MPH)
|
Batting: RHB Steve Marwat
|
0-0: Called Strike Joël Pesci steals 2nd base 0-1: Reached on error, E5 (Groundball, 56S, EV 75.6 MPH) Joël Pesci to third
|
Batting: RHB Lorenzo Lobo
|
0-0: Called Strike 0-1: Ground out 5-3 (Groundball, 56, EV 83.1 MPH) Steve Marwat to second
|
Batting: RHB Chris Carson
|
0-0: Swinging Strike 0-1: SINGLE (Groundball, 56D, EV 101.2 MPH) Joël Pesci scores Steve Marwat to third Runner from 3rd tries for Home, SAFE, no throw by LF
|
Batting: RHB Martin Clayton
|
0-0: Called Strike 0-1: Ball 1-1: Fly out, F7 (Flyball, 7S, EV 82.5 MPH)
|
Top of the 8th over - 2 runs, 2 hits, 1 error, 1 left on base; Memphis 5 - Florida 3 |
BOTTOM OF THE 8TH |
Florida Men batting - Pitching for Memphis Redbirds : RHP Ainanani Iosepa
|
Batting: RHB Marcos Janero
|
0-0: Foul Ball, location: 2F 0-1: Hit by Pitch
|
Batting: LHB Edward Kisiner
|
0-0: Ball 1-0: Called Strike 1-1: Ball 2-1: Foul Ball, location: 2F 2-2: Ball 3-2: Foul Ball, location: 2F 3-2: Base on Balls Marcos Janero to second
|
Batting: RHB Walke Mehoff
|
0-0: Ball 1-0: Ball 2-0: Called Strike 2-1: Grounds into double play, 5-4-3 (Groundball, 56, EV 84.4 MPH) Marcos Janero to third
|
Batting: RHB César Guerra
|
0-0: Swinging Strike 0-1: Foul Ball, location: 2F 0-2: Strikes out swinging
|
Bottom of the 8th over - 0 runs, 0 hits, 0 errors, 1 left on base; Memphis 5 - Florida 3 |
TOP OF THE 9TH |
Memphis Redbirds batting - Pitching for Florida Men : RHP Esteban De La Cruz
|
Batting: RHB Dean Shamakani
|
0-0: Called Strike 0-1: Foul Ball, location: 2F 0-2: Fly out, F8 (Flyball, 8RM, EV 91.9 MPH)
|
Batting: RHB Gonzalo Quintanilla
|
0-0: Foul Ball, location: 2F 0-1: Foul Ball, location: 2F 0-2: Foul Ball, location: 2F 0-2: DOUBLE (Flyball, 78D, EV 93.8 MPH)
|
Batting: RHB Ricardo Ojíto
|
0-0: Intentional Walk
|
Batting: RHB Joël Pesci
|
0-0: Foul Ball, location: 2F 0-1: Ball 1-1: Swinging Strike 1-2: Ball 2-2: Ball 3-2: Foul Ball, location: 2F 3-2: Fielders Choice at 2nd, 5-4 (Groundball, 5, EV 105.0 MPH) Gonzalo Quintanilla to third
|
Batting: RHB Fraser Childs
|
0-0: Foul Ball, location: 2F 0-1: Ball 1-1: Ball 2-1: SINGLE (Groundball, 4D, EV 100.0 MPH) Gonzalo Quintanilla scores Joël Pesci to second Runner from 2nd tries for 3rd, SAFE, throw by CF made to third
|
Batting: RHB Steve Marwat
|
0-0: Ball 1-0: Called Strike 1-1: Foul Ball, location: 2F 1-2: Strikes out swinging
|
Top of the 9th over - 1 run, 2 hits, 0 errors, 2 left on base; Memphis 6 - Florida 3 |
BOTTOM OF THE 9TH |
Florida Men batting - Pitching for Memphis Redbirds : RHP Ainanani Iosepa
|
Pitching: RHP Ewan Atwood
|
|
Batting: LHB Basava Puri
|
0-0: Fly out, F9 (Line Drive, 9, EV 84.4 MPH)
|
Batting: RHB Pellervo Rintanen
|
0-0: Ball 1-0: Ball 2-0: Ball 3-0: Called Strike 3-1: Base on Balls
|
Batting: RHB Tristan Powell
|
0-0: Ball 1-0: Foul Ball, location: 2F 1-1: SINGLE (Groundball, 56D, EV 98.1 MPH) Pellervo Rintanen to second
|
Pitching: RHP Karisnu Raghunathan
|
|
Batting: LHB Peter Metellus
|
0-0: Foul Ball, location: 2F 0-1: Ball 1-1: Swinging Strike 1-2: SINGLE (Line Drive, 7S, EV 106.2 MPH) Pellervo Rintanen to third Tristan Powell to second
|
Batting: RHB Matsudaira Sugahara
|
0-0: Fly out, F9 (Flyball, 89S, EV 90.0 MPH)
|
Batting: RHB Marcos Janero
|
0-0: DOUBLE (Flyball, 89XD, EV 87.5 MPH) Pellervo Rintanen scores Tristan Powell scores Peter Metellus to third Runner from 3rd tries for Home, SAFE, no throw by CF
|
Batting: LHB Edward Kisiner
|
0-0: Called Strike 0-1: Ball 1-1: Ball 2-1: Foul Ball, location: 2F 2-2: Strikes out looking
|
Bottom of the 9th over - 3 runs, 3 hits, 0 errors, 1 left on base; Memphis 6 - Florida 6 |
TOP OF THE 10TH |
Memphis Redbirds batting - Pitching for Florida Men : RHP Esteban De La Cruz
|
Pitching: RHP Roderick Miller
|
|
Pinch Hitting: LHB Rodney McClellan
|
0-0: Swinging Strike 0-1: Swinging Strike 0-2: Strikes out swinging
|
Batting: RHB Chris Carson
|
0-0: Ball 1-0: SINGLE (Groundball, 6D, EV 93.8 MPH)
|
Pinch Hitting: LHB Carter Stanley
|
0-0: Swinging Strike 0-1: Foul Ball, location: 2F 0-2: Foul Ball, location: 2F 0-2: Ball 1-2: Ball 2-2: Strikes out looking
|
Batting: RHB Dean Shamakani
|
0-0: Foul Ball, location: 2F 0-1: Ball 1-1: Foul Ball, location: 2F 1-2: Strikes out looking
|
Top of the 10th over - 0 runs, 1 hit, 0 errors, 1 left on base; Memphis 6 - Florida 6 |
BOTTOM OF THE 10TH |
Florida Men batting - Pitching for Memphis Redbirds : RHP Karisnu Raghunathan
|
Pitching: RHP Chao Khu
|
|
Now at C: Miguel Silva
|
|
Now in RF: Rodney McClellan
|
|
Batting: RHB Walke Mehoff
|
0-0: Fly out, F7 (Flyball, 78S, EV 91.9 MPH)
|
Batting: RHB César Guerra
|
0-0: Called Strike 0-1: Ball 1-1: Ball 2-1: Ground out 4-3 (Groundball, 4, EV 85.0 MPH)
|
Batting: LHB Basava Puri
|
0-0: Ball 1-0: Foul Ball, location: 2F 1-1: Ball 2-1: Ball 3-1: Hit by Pitch
|
Batting: RHB Pellervo Rintanen
|
0-0: Called Strike Basava Puri steals 2nd base (no throw) 0-1: Ball 1-1: Called Strike 1-2: Ball 2-2: SINGLE (Line Drive, 89S, EV 105.6 MPH) Basava Puri to third
|
Batting: RHB Tristan Powell
|
0-0: Foul Ball, location: 2F 0-1: Swinging Strike 0-2: Ground out 1-3 (Groundball, 34S, EV 89.4 MPH)
|
Bottom of the 10th over - 0 runs, 1 hit, 0 errors, 2 left on base; Memphis 6 - Florida 6 |
TOP OF THE 11TH |
Memphis Redbirds batting - Pitching for Florida Men : RHP Roderick Miller
|
Batting: RHB Gonzalo Quintanilla
|
0-0: Ball 1-0: Called Strike 1-1: Called Strike 1-2: Strikes out looking
|
Batting: RHB Ricardo Ojíto
|
0-0: Foul Ball, location: 2F 0-1: Called Strike 0-2: Ball 1-2: Foul Ball, location: 2F 1-2: Strikes out swinging
|
Batting: RHB Joël Pesci
|
0-0: Foul Ball, location: 2F 0-1: Ball 1-1: Foul Ball, location: 2F 1-2: Strikes out looking
|
Top of the 11th over - 0 runs, 0 hits, 0 errors, 0 left on base; Memphis 6 - Florida 6 |
BOTTOM OF THE 11TH |
Florida Men batting - Pitching for Memphis Redbirds : RHP Chao Khu
|
Batting: LHB Peter Metellus
|
0-0: Ball 1-0: Called Strike 1-1: Foul Ball, location: 2F 1-2: Ball 2-2: Foul Ball, location: 2F 2-2: Strikes out looking
|
Batting: RHB Matsudaira Sugahara
|
0-0: Ball 1-0: Called Strike 1-1: Ball 2-1: Ball 3-1: Swinging Strike 3-2: Ground out 5-3 (Groundball, 56S, EV 85.0 MPH)
|
Batting: RHB Marcos Janero
|
0-0: Foul Ball, location: 2F 0-1: Fly out, F8 (Flyball, 8LM, EV 76.9 MPH)
|
Bottom of the 11th over - 0 runs, 0 hits, 0 errors, 0 left on base; Memphis 6 - Florida 6 |
TOP OF THE 12TH |
Memphis Redbirds batting - Pitching for Florida Men : RHP Roderick Miller
|
Pitching: LHP Melvin Conner
|
|
Batting: RHB Fraser Childs
|
0-0: Ball 1-0: Fly out, F8 (Flyball, 8RXD, EV 108.1 MPH)
|
Batting: RHB Steve Marwat
|
0-0: Called Strike 0-1: Ground out 4-3 (Groundball, 4, EV 80.0 MPH)
|
Batting: LHB Rodney McClellan
|
0-0: Foul Ball, location: 2F 0-1: Ball 1-1: Ground out 4-3 (Groundball, 4, EV 84.4 MPH)
|
Top of the 12th over - 0 runs, 0 hits, 0 errors, 0 left on base; Memphis 6 - Florida 6 |
BOTTOM OF THE 12TH |
Florida Men batting - Pitching for Memphis Redbirds : RHP Chao Khu
|
Batting: LHB Edward Kisiner
|
0-0: Ball 1-0: Ball 2-0: Foul Ball, location: 2F 2-1: Ball 3-1: Base on Balls
|
Batting: RHB Walke Mehoff
|
0-0: Foul Ball, location: 2F 0-1: SINGLE (Line Drive, 6D, EV 97.5 MPH) Edward Kisiner to second
|
Batting: RHB César Guerra
|
0-0: Called Strike 0-1: Grounds into double play, 6-4-3 (Groundball, 6, EV 76.9 MPH) Edward Kisiner to third
|
Batting: LHB Basava Puri
|
0-0: Ball 1-0: Called Strike 1-1: Called Strike 1-2: Ball 2-2: Ground out U3 (Groundball, 34, EV 83.1 MPH)
|
Bottom of the 12th over - 0 runs, 1 hit, 0 errors, 1 left on base; Memphis 6 - Florida 6 |
TOP OF THE 13TH |
Memphis Redbirds batting - Pitching for Florida Men : LHP Melvin Conner
|
Batting: RHB Chris Carson
|
0-0: Ball 1-0: Called Strike 1-1: Fly out, F7 (Flyball, 7LD, EV 87.5 MPH)
|
Batting: RHB Miguel Silva
|
0-0: Called Strike 0-1: Ball 1-1: Ground out 2-3 (Groundball, 13S, EV 68.1 MPH)
|
Batting: RHB Dean Shamakani
|
0-0: Ball 1-0: SINGLE (Line Drive, 9S, EV 104.4 MPH)
|
Batting: RHB Gonzalo Quintanilla
|
0-0: Called Strike 0-1: Ball 1-1: Swinging Strike 1-2: Ball Dean Shamakani is caught stealing 2nd base 2-4
|
Top of the 13th over - 0 runs, 1 hit, 0 errors, 0 left on base; Memphis 6 - Florida 6 |
BOTTOM OF THE 13TH |
Florida Men batting - Pitching for Memphis Redbirds : RHP Chao Khu
|
Batting: RHB Pellervo Rintanen
|
0-0: Called Strike 0-1: Ball 1-1: Swinging Strike 1-2: Foul Ball, location: 2F 1-2: Ball 2-2: Strikes out looking
|
Batting: RHB Tristan Powell
|
0-0: Ball 1-0: Ground out 4-3 (Groundball, 4M, EV 107.5 MPH)
|
Batting: LHB Peter Metellus
|
0-0: Ball 1-0: Fly out, F4 (Popup, 4M, EV 60.6 MPH)
|
Bottom of the 13th over - 0 runs, 0 hits, 0 errors, 0 left on base; Memphis 6 - Florida 6 |
TOP OF THE 14TH |
Memphis Redbirds batting - Pitching for Florida Men : LHP Melvin Conner
|
Batting: RHB Gonzalo Quintanilla
|
0-0: Called Strike 0-1: Foul Ball, location: 2F 0-2: Foul Ball, location: 2F 0-2: Ball 1-2: Foul Ball, location: 2F 1-2: Foul Ball, location: 2F 1-2: Reached on error, E4 (Popup, 34S, EV 72.5 MPH)
|
Batting: RHB Ricardo Ojíto
|
0-0: Fielders Choice at 2nd, 1-6 (Groundball, 13S, EV 68.1 MPH)
|
Batting: RHB Joël Pesci
|
0-0: Ball 1-0: Fly out, F7 (Flyball, 7S, EV 88.8 MPH)
|
Batting: RHB Fraser Childs
|
0-0: Ball 1-0: Fly out, F7 (Flyball, 7, EV 83.1 MPH)
|
Top of the 14th over - 0 runs, 0 hits, 1 error, 1 left on base; Memphis 6 - Florida 6 |
BOTTOM OF THE 14TH |
Florida Men batting - Pitching for Memphis Redbirds : RHP Chao Khu
|
Batting: RHB Matsudaira Sugahara
|
0-0: Ball 1-0: Ball 2-0: SINGLE (Groundball, 6MD, EV 101.9 MPH)
|
Pitching: RHP Marc Olsen
|
|
Batting: RHB Marcos Janero
|
0-0: Sac Bunt to P - play at first, batter OUT! 1-4 Matsudaira Sugahara to second
|
Batting: LHB Edward Kisiner
|
0-0: Ball 1-0: Ball 2-0: Ball 3-0: Base on Balls
|
Batting: RHB Walke Mehoff
|
0-0: Called Strike 0-1: Grounds into double play, 5-4-3 (Groundball, 56, EV 105.0 MPH)
|
Bottom of the 14th over - 0 runs, 1 hit, 0 errors, 1 left on base; Memphis 6 - Florida 6 |
TOP OF THE 15TH |
Memphis Redbirds batting - Pitching for Florida Men : LHP Melvin Conner
|
Batting: RHB Steve Marwat
|
0-0: Foul Ball, location: 2F 0-1: Ground out 4-3 (Groundball, 4, EV 89.4 MPH)
|
Batting: LHB Rodney McClellan
|
0-0: Ball 1-0: Foul Ball, location: 2F 1-1: Ball 2-1: Called Strike 2-2: Foul Ball, location: 2F 2-2: Foul Ball, location: 2F 2-2: Foul Ball, location: 2F 2-2: Foul Ball, location: 2F 2-2: Strikes out swinging
|
Batting: RHB Chris Carson
|
0-0: Foul Ball, location: 2F 0-1: Ball 1-1: Foul Ball, location: 2F 1-2: Ball 2-2: SINGLE (Flyball, 9LS, EV 94.4 MPH)
|
Batting: RHB Miguel Silva
|
0-0: Hit by Pitch Chris Carson to second
|
Batting: RHB Dean Shamakani
|
0-0: Ball 1-0: Fly out, F4 (Line Drive, 4, EV 70.0 MPH)
|
Top of the 15th over - 0 runs, 1 hit, 0 errors, 2 left on base; Memphis 6 - Florida 6 |
BOTTOM OF THE 15TH |
Florida Men batting - Pitching for Memphis Redbirds : RHP Marc Olsen
|
Batting: RHB César Guerra
|
0-0: Called Strike 0-1: Called Strike 0-2: Fly out, F7 (Flyball, 7, EV 83.8 MPH)
|
Batting: LHB Basava Puri
|
0-0: Foul Ball, location: 2F 0-1: Ball 1-1: SOLO HOME RUN (Line Drive, 89XD, EV 108.8 MPH), Distance : 403 ft
|
|
Friday, March 26th, 2021 - OOTP Baseball 20.8 Build 74
|
|